 Dungeon Crawl Stone Soup version 0.31-a0-152-g6aa68a64a1 (webtiles) character file.

Game seed: 12957982165968224027

56 qw the Shooter (level 3, -1/32 HPs)
             Began as a Naga Hunter on June 10, 2023.
             Slain by a hobgoblin (3 damage)
             ... led by Robin
             ... on level 2 of the Dungeon.
             The game lasted 00:00:25 (1149 turns).

qw the Shooter (Naga Hunter)                        Turns: 1149, Time: 00:00:25

Health: -1/32      AC:  2    Str: 13    XL:     3   Next: 97%
Magic:  3/3        EV:  9    Int:  9    God:
Gold:   29         SH:  0    Dex: 16    Spells: 2/2 levels left

rFire   . . .        Y - +1 shortbow
rCold   . . .        (shield currently unavailable)
rNeg    . . .        c - +0 leather armour
rPois   +            (no helmet)
rElec   .            (no cloak)
rCorr   .            (no gloves)
SInv    +            (no barding)
Will    .....        (no amulet)
Stlth   ++           (no ring)
HPRegen 0.25/turn    (no ring)
MPRegen 0.08/turn

%: no passive effects
@: about to teleport, short of breath, very slow
A: AC +1, large, see invisible, deformed body, poison resistance, slowness 2,
spit poison 1, naga tail 1
a: Spit Poison


You were on level 2 of the Dungeon.
You visited 1 branch of the dungeon, and saw 2 of its levels.

You collected 29 gold pieces.


Innate Abilities, Weirdness & Mutations

Your serpentine skin is tough. (AC +1)
You have supernaturally acute eyesight. (SInv)
Armour fits poorly on your strangely shaped body.
Your system is resistant to poisons. (rPois)
You cover ground very slowly.
You can spit poison.
You have a snake-like lower body.


   Skills:
 + Level 2.0 Fighting
 - Level 5.0 Ranged Weapons
 - Level 1.5 Dodging
 - Level 1.5 Stealth


You had 2 spell levels left.
You didn't know any spells.
Your spell library was empty.

Inventory:

Hand Weapons
 Y - a +1 shortbow (weapon)
Armour
 c - a +0 leather armour (worn)
Scrolls
 f - a scroll of teleportation
Potions
 a - a potion of brilliance {unknown}
 b - a potion of magic {unknown}
 d - a potion of berserk rage {unknown}
 e - a potion of enlightenment {unknown}

Dungeon Overview and Level Annotations

Branches:
Dungeon (2/15)

Altars:


Message History

You shoot an arrow. The arrow barely misses Robin.
The arrow closely misses the hobgoblin.
A hobgoblin comes into view.
Robin barely misses you. The goblin barely misses you.
You shoot an arrow. The arrow hits Robin.
Robin is heavily wounded.
Robin hits you with a +0 whip.
A goblin comes into view. It is wielding a +0 club.
The goblin hits you with a +0 dagger.
You shoot an arrow. The arrow closely misses Robin.
The arrow hits the hobgoblin!
You kill the hobgoblin!
You have got your breath back.
The goblin barely misses you.
1146 ||| INVOKING Spit Poison.
Aiming: Spit Poison (2% risk of failure)
Press: ? - help, Shift-Dir - straight line, f/p - Robin The splash of poison hits Robin.
Robin is severely wounded.
A goblin comes into view. It is wielding a +0 club.
The goblin hits you with a +0 dagger.
1147 ||| READING 2 scrolls of teleportation.
As you read the scroll of teleportation, it crumbles to dust.
You feel strangely unstable.
A hobgoblin comes into view.
The goblin misses you.
You shoot an arrow. The arrow hits Robin.
You kill Robin!
You hear a shout!
The goblin hits you with a +0 dagger.
The goblin unwields a +0 club.
The goblin wields a +0 sling.
The goblin shoots a sling bullet.
The sling bullet barely misses you.
The sling bullet closely misses the goblin.
The goblin misses you.
Your Ranged Weapons skill increases to level 5!
You shoot an arrow. The arrow hits the goblin!
You kill the goblin!
The goblin no longer looks unusually strong.
The hobgoblin hits you.
You die...

###### #..... #.####
#.#... #.#.## #.#...
#.##############.###.
#.gg@)...............
#)g#############.####
.... #..... #.##
###### #


You could see a hobgoblin (strong) and 2 goblins.

Vanquished Creatures
  Robin (D:2)
  3 dart slugs
  4 ball pythons
  4 endoplasms
  A giant cockroach (D:1)
  9 goblins
  4 hobgoblins
  3 bats (D:1)
  8 frilled lizards (D:1)
  2 kobolds (D:1)
39 creatures vanquished.

Notes
Turn   | Place    | Note
-------+----------+-------------------------------------------
     0 | D:1      | qw the Naga Hunter began the quest for the Orb.
     0 | D:1      | Reached XP level 1. HP: 19/19 MP: 1/1
     0 | D:1      | 0 ||| qw: Version: 0.2-a-122-gbc61b45
     0 | D:1      | 0 ||| qw: Game counter: 3508
     0 | D:1      | 0 ||| qw: Always use a shield: true
     0 | D:1      | 0 ||| qw: God list: Okawaru
     0 | D:1      | 0 ||| qw: Allow faded altars: false
     0 | D:1      | 0 ||| qw: Do Orc after D:15 true
     0 | D:1      | 0 ||| qw: Do second Lair branch before Depths: true
     0 | D:1      | 0 ||| qw: Lair rune preference: random
     0 | D:1      | 0 ||| qw: Plans: Normal
     0 | D:1      | 0 ||| PLANNING D:1-11
    52 | D:1      | 52 ||| INVOKING Spit Poison.
    70 | D:1      | 70 ||| INVOKING Spit Poison.
    82 | D:1      | 82 ||| INVOKING Spit Poison.
    88 | D:1      | 88 ||| INVOKING Spit Poison.
    89 | D:1      | 89 ||| INVOKING Spit Poison.
   126 | D:1      | 126 ||| INVOKING Spit Poison.
   127 | D:1      | Reached skill level 4 in Ranged Weapons
   127 | D:1      | Reached XP level 2. HP: 26/26 MP: 2/2
   144 | D:1      | 144 ||| INVOKING Spit Poison.
   150 | D:1      | 150 ||| INVOKING Spit Poison.
   156 | D:1      | 156 ||| INVOKING Spit Poison.
   160 | D:1      | 160 ||| INVOKING Spit Poison.
   182 | D:1      | 182 ||| INVOKING Spit Poison.
   221 | D:1      | 221 ||| INVOKING Spit Poison.
   329 | D:1      | 329 ||| INVOKING Spit Poison.
   335 | D:1      | 335 ||| INVOKING Spit Poison.
   439 | D:1      | 439 ||| INVOKING Spit Poison.
   458 | D:1      | 458 ||| READING scroll labelled GOCLOE ATZI.
   462 | D:1      | 462 ||| INVOKING Spit Poison.
   466 | D:1      | 466 ||| INVOKING Spit Poison.
   467 | D:1      | Reached XP level 3. HP: 30/32 MP: 3/3
   469 | D:1      | 469 ||| INVOKING Spit Poison.
   475 | D:1      | 475 ||| INVOKING Spit Poison.
   565 | D:1      | 565 ||| INVOKING Spit Poison.
   749 | D:1      | 749 ||| INVOKING Spit Poison.
   759 | D:1      | 759 ||| READING scroll labelled PARHOZX BANTEF.
   760 | D:1      | 760 ||| READING scroll labelled TIMEMU HOOF.
   761 | D:1      | 761 ||| READING 3 scrolls labelled CAQISKI RAJIPN.
   766 | D:1      | 766 ||| READING scroll labelled INOSYS NISSUIJ.
   767 | D:1      | 767 ||| READING scroll labelled NYAMOBL VYKHEOPHET.
   768 | D:1      | 768 ||| DROPPING scroll of butterflies.
   783 | D:2      | 783 ||| INVOKING Spit Poison.
  1102 | D:2      | 1102 ||| INVOKING Spit Poison.
  1136 | D:2      | 1136 ||| INVOKING Spit Poison.
  1136 | D:2      | Noticed Robin
  1142 | D:2      | 1142 ||| INVOKING Spit Poison.
  1146 | D:2      | 1146 ||| INVOKING Spit Poison.
  1146 | D:2      | HP: 7/32 [goblin/+0 dagger[Robin] (5)]
  1147 | D:2      | 1147 ||| READING 2 scrolls of teleportation.
  1148 | D:2      | Killed Robin
  1148 | D:2      | HP: 2/32 [goblin/+0 dagger[Robin] (6)]
  1149 | D:2      | Reached skill level 5 in Ranged Weapons
  1149 | D:2      | Slain by a hobgoblin

Levels and vault maps discovered:
D:1:      saegor_arrival_simple_c, layout_loops_ring, minmay_lizard_king
D:2:      layout_basic, chequers_avenue, uniq_natasha, uniq_robin

Skill      XL: |  1  2  3 |
---------------+----------+-----
Ranged Weapons | 4 5 |  5.0
Fighting       | |  2.0
Dodging        | |  1.5
Stealth        | |  1.5

Action                     || total
---------------------------++-------
   Fire: Shortbow          ||    61
Ability: Spit Poison       ||    25
    Use: Scroll            ||     7
 Armour: Leather armour    ||     5
  Dodge: Dodged            ||    16

Table legend:
 A = Non-vault XP
 B = Vault XP
 C = Vault XP percentage of total XP
 D = Non-vault monster count
 E = Vault monster count
 F = Vault count percentage of total count
                 A         B        C        D         E       F
            +---------+---------+-------+---------+---------+-------
      Total |      50 |      32 |  39.0 |      26 |      13 |  33.3
            +---------+---------+-------+---------+---------+-------
        D:1 |      42 |       5 |  10.6 |      23 |       5 |  17.9
        D:2 |       8 |      27 |  77.1 |       3 |       8 |  72.7
            +---------+---------+-------+---------+---------+-------
